 Dungeon Crawl Stone Soup version 0.25-a0-251-g572059c536 (webtiles) character file.

Game seed: 1295822569119429790, levelgen mode: classic

11402 Borgoz the Carver (level 11, -3/101 HPs)
             Began as a Minotaur Monk on Dec 4, 2019.
             Was a High Priest of Okawaru.
             Slain by a death yak (10 damage)
             ... in an ice cave.
             The game lasted 00:28:12 (11790 turns).

Borgoz the Carver (Minotaur Monk)                  Turns: 11790, Time: 00:28:12

Health: -3/101     AC: 12    Str: 20    XL:     11   Next: 48%
Magic:  0/13       EV: 17    Int:  7    God:    Okawaru [*****.]
Gold:   619        SH:  7    Dex: 14    Spells: 10/14 levels left

rFire    + . .     SeeInvis .   J - +0 scimitar
rCold    + + .     Gourm    .   y - +2 buckler
rNeg     + . .     Faith    .   E - +0 scale mail {rC+}
rPois    .         Spirit   +   O - +1 hat of Biamuas {rF+ rC+ rN+ Str+2}
rElec    .         Reflect  .   s - scarf {Spirit}
rCorr    .         Harm     .   t - +0 pair of gloves
MR       +....                  k - +0 pair of boots
Stlth    +.........             (no amulet)
HPRegen  0.26/turn              n - ring of protection from magic
MPRegen  0.13/turn              v - +3 ring of evasion

@: about to teleport
A: retaliatory headbutt, horns 2
a: Heroism, Finesse, Renounce Religion


You were in an ice cave.
You worshipped Okawaru.
Okawaru was extremely pleased with you.
You were hungry.

You visited 3 branches of the dungeon, and saw 12 of its levels.
You also visited: Ice Cave.

You collected 619 gold pieces.

Inventory:

Hand Weapons
 a - a +1 falchion
 j - the +2 whip of Xeruiser {holy, rN+ MR+}
   (You found it on level 4 of the Dungeon)

   It has been blessed by the Shining One to cause great damage to the undead
   and demons.
   It protects you from negative energy.
   It affects your resistance to hostile enchantments.
 J - a +0 scimitar (weapon)
Armour
 k - a +0 pair of boots (worn)
 m - a +0 shield
 q - a scarf of resistance
 s - a scarf of spirit shield (worn)
 t - a +0 pair of gloves (worn)
 x - a +2 chain mail of fire resistance
 y - a +2 buckler (worn)
 E - a +0 scale mail of cold resistance (worn)
 O - the +1 hat of Biamuas (worn) {rF+ rC+ rN+ Str+2}
   (Okawaru gifted it to you on level 7 of the Dungeon)

   It affects your strength (+2).
   It protects you from fire.
   It protects you from cold.
   It protects you from negative energy.
Jewellery
 d - an uncursed ring of fire
 n - a ring of protection from magic (left hand)
 v - a +3 ring of evasion (right hand)
 w - an uncursed ring of resist corrosion
Wands
 f - a wand of enslavement (10)
 B - a wand of iceblast (24)
 D - a wand of disintegration (11)
 G - a wand of scattershot (2)
 H - a wand of acid (10)
 I - a wand of digging (7)
Scrolls
 l - 10 scrolls of teleportation
 A - 3 scrolls of remove curse
Potions
 b - a potion of might
 e - 5 potions of brilliance
 g - 2 potions of flight
 h - a potion of resistance
 i - 3 potions of lignification
 p - 3 potions of agility {unknown}
 r - 4 potions of curing
 u - 2 potions of ambrosia
 z - 3 potions of mutation
 C - a potion of heal wounds
 F - a potion of haste
 K - a potion of invisibility {unknown}
 L - 3 potions of berserk rage {unknown}
 N - a potion of magic {unknown}
Comestibles
 c - 22 rations
 o - 6 chunks of flesh


   Skills:
 * Level 10.8 Fighting
 * Level 10.9 Long Blades
 * Level 10.1 Armour
 + Level 7.5 Dodging
 + Level 4.5 Stealth
 - Level 5.0 Shields
 - Level 2.0 Spellcasting
 + Level 3.1 Hexes
 + Level 1.5 Invocations


You had 10 spell levels left.
You knew the following spells:

 Your Spells              Type           Power        Failure   Level  Hunger
a - Confusing Touch       Hex            #.....       26%         1    ##.....
b - Confuse               Hex            #.......     58%         3    ####...

Your spell library contained the following spells:

 Spells                   Type           Power        Failure   Level  Hunger
 Slow                     Hex            #.......     36%         2    ###....
 Magic Dart               Conj           #...         65%         1    ##.....
 Blink                    Tloc           N/A          80%         2    ###....
 Call Imp                 Summ           #.......     80%         2    ###....
 Conjure Flame            Conj/Fire      #.......     95%         3    ####...
 Gell's Gravitas          Tloc           #.........   95%         3    ####...
 Mephitic Cloud           Conj/Pois/Air  #.......     95%         3    ####...
 Petrify                  Tmut/Erth      #.......     100%        4    #####..
 Metabolic Englaciation   Hex/Ice        #.........   100%        5    ######.
 Yara's Violent Unravell  Hex/Tmut       #.........   100%        5    ######.


Dungeon Overview and Level Annotations

Branches:
Dungeon (10/15)            Temple (1/1) D:5            Lair (1/6) D:8
    Orc (0/2) D:9           IceCv (1/1)

Altars:
Ashenzari
Cheibriados
Dithmenos
Elyvilon
Fedhas
Gozag
Hepliaklqana
Kikubaaqudgha
Makhleb
Nemelex Xobeh
Okawaru
Qazlal
Ru
Sif Muna
Trog
Uskayaw
Vehumet
Wu Jian
Xom
Yredelemnul
Zin
The Shining One

Shops:
D:7 :


Innate Abilities, Weirdness & Mutations

You reflexively headbutt those who attack you in melee.
You have a pair of horns on your head.


Message History

You hit the death yak but do no damage.
The death yak is moderately wounded.
The death yak misses you. You furiously retaliate!
You headbutt the death yak, but do no damage.
You hit the death yak but do no damage. You headbutt the death yak.
The death yak is moderately wounded.
The death yak gores you but does no damage.
Really walk into that cloud of freezing vapour?
Okay, then.
You slash the death yak!
The death yak is moderately wounded.
The death yak gores you! The death yak gores you!
* * * LOW HITPOINT WARNING * * *
As you read the scroll of teleportation, it crumbles to dust.
You feel strangely unstable. The death yak gores you!
* * * LOW HITPOINT WARNING * * *
The death yak gores you but does no damage.
The death yak gores you!
You die...

#.#≈≈≈≈≈≈≈≈
#Y≈≈≈≈≈≈≈≈
##≈Y≈≈≈≈≈≈≈
#YY#≈≈≈≈≈##
##≈###≈≈≈###
#Y########.#
#.###.##○○.####
##Y#...#☼☼#.#.#
#.#Y@#..#.##..##
#h.Y.##○####...#
#..###########.##
#.## ##..#≈≈#..#
### #...#≈≈##÷#
#...#≈≈##.#
#.⌠.###..##
#...#.°.##
#...°°.######


You could see 2 death yaks, a yak and a wolf.

Vanquished Creatures
  Sonja (Lair:1)
  An ice statue (IceCv)
  The ghost of Leeroy the Carver, a novice DrSk (D:5)
  7 polar bears (IceCv)
  3 hippogriffs
  A human (D:10)
  17 yaks
  The ghost of sirdond the Cleaver, an amateur HOBe of Trog (D:3)
  3 hogs (D:10)
  A hungry ghost (D:8)
  A soldier ant (D:10)
  A water moccasin (D:10)
  6 porcupines
  3 orc warriors
  3 black bears
  2 sky beasts
  5 wolves (IceCv)
  3 centaurs
  3 crocodiles
  8 ogres
  9 bullfrogs
  A gnoll sergeant (D:10)
  A wyvern zombie (D:7)
  3 scorpions
  A howler monkey (D:4)
  2 vampire bats (D:2)
  2 crimson imps
  A centaur zombie (D:6)
  4 orc priests
  3 hounds
  3 jellies
  A bullfrog skeleton (D:10)
  3 centaur skeletons
  2 iguanas
  6 orc wizards
  Crazy Yiuf (D:7)
  9 worker ants
  A hound zombie (D:7)
  A hound skeleton (D:5)
  2 worker ant zombies
  4 gnolls
  3 howler monkey skeletons
  17 adders
  3 shadow imps
  3 oozes
  An adder zombie (D:6)
  3 adder skeletons
  4 worms
  2 dart slugs
  6 leopard geckos
  45 orcs
  3 ball pythons
  2 bat skeletons (D:2)
  4 bat zombies (D:2)
  8 giant cockroaches
  10 goblins
  3 hobgoblins
  21 jackals
  6 quokkas
  4 bats
  5 frilled lizards
  2 gnoll zombies (D:7)
  2 jackal skeletons
  6 kobolds
  A leopard gecko skeleton (D:8)
  A quokka zombie (D:7)
  6 rats
302 creatures vanquished.

Vanquished Creatures (others)
  A polar bear (IceCv)
  3 yaks (IceCv)
  6 wolves (IceCv)
  An orc wizard (D:4)
  40 fungi (D:8)
  6 plants (D:8)
57 creatures vanquished.

Grand Total: 359 creatures vanquished

Notes
Turn   | Place    | Note
-------+----------+-------------------------------------------
     0 | D:1      | Borgoz the Minotaur Monk began the quest for the Orb.
     0 | D:1      | Reached XP level 1. HP: 19/19 MP: 0/0
    54 | D:1      | Reached XP level 2. HP: 8/27 MP: 1/1
   383 | D:1      | Reached skill level 1 in Armour
   484 | D:2      | Reached XP level 3. HP: 32/33 MP: 2/2
   537 | D:2      | Found a sacrificial altar of Ru.
  1430 | D:2      | Reached XP level 4. HP: 26/41 MP: 3/3
  1622 | D:2      | Found an ancient bone altar of Kikubaaqudgha.
  1634 | D:2      | Reached skill level 1 in Shields
  1634 | D:2      | Reached XP level 5. HP: 44/47 MP: 4/4
  1856 | D:2      | Found an opulent altar of Gozag.
  1993 | D:3      | Found a runed translucent door.
  1996 | D:3      | Noticed sirdond's ghost (amateur HOBe)
  2010 | D:3      | Reached skill level 5 in Long Blades
  2355 | D:3      | Reached skill level 5 in Fighting
  2558 | D:3      | Reached XP level 6. HP: 35/56 MP: 5/5
  2593 | D:3      | Killed sirdond's ghost
  2775 | D:4      | Reached XP level 7. HP: 31/62 MP: 6/6
  3001 | D:4      | Got a polished whip
  3002 | D:4      | Identified the cursed +2 whip of Xeruiser {holy, rN+ MR+}
                  | (You found it on level 4 of the Dungeon)
  3094 | D:4      | Found a shimmering blue altar of Sif Muna.
  3390 | D:4      | Reached skill level 5 in Armour
  3701 | D:4      | Reached XP level 8. HP: 65/71 MP: 7/7
  3899 | D:5      | Entered Level 5 of the Dungeon
  3937 | D:5      | Reached skill level 5 in Dodging
  4041 | D:5      | Found a transporter.
  4269 | D:5      | Found a staircase to the Ecumenical Temple.
  4289 | D:5      | Learned a level 1 spell: Confusing Touch
  4293 | D:5      | Learned a level 3 spell: Confuse
  4304 | Temple   | Entered the Ecumenical Temple
  4531 | Temple   | Became a worshipper of Warmaster Okawaru
  4531 | Temple   | Reached * piety under Okawaru
  4531 | Temple   | Reached ** piety under Okawaru
  4628 | D:5      | Found a transporter.
  4629 | D:5      | Noticed Leeroy's ghost (novice DrSk)
  4870 | D:6      | Found a hide-covered altar of Uskayaw.
  5041 | D:6      | Found a burning altar of Makhleb.
  5295 | D:7      | Noticed a hippogriff
  5312 | D:7      | Killed a hippogriff
  5441 | D:7      | Found Jimpoacw's Book Shoppe.
  5538 | D:7      | Found a snail-covered altar of Cheibriados.
  5588 | D:7      | Found a glowing golden altar of the Shining One.
  5588 | D:7      | Found a sparkling altar of Nemelex Xobeh.
  5664 | D:7      | Found a runed translucent door.
  5665 | D:7      | Noticed Crazy Yiuf
  5711 | D:7      | Reached XP level 9. HP: 75/80 MP: 9/9
  5738 | D:8      | Reached skill level 1 in Hexes
  5742 | D:8      | Reached skill level 1 in Spellcasting
  5845 | D:8      | Found a shattered altar of Ashenzari.
  6075 | D:8      | Reached *** piety under Okawaru
  6088 | D:8      | Found a staircase to the Lair.
  6199 | D:8      | Reached skill level 5 in Shields
  6828 | D:10     | Entered Level 10 of the Dungeon
  6843 | D:10     | Reached XP level 10. HP: 63/90 MP: 11/11
  7047 | D:9      | Reached **** piety under Okawaru
  7244 | D:9      | Found a staircase to the Orcish Mines.
  8106 | D:10     | Reached ***** piety under Okawaru
  8106 | D:10     | Reached skill level 10 in Long Blades
  8792 | D:10     | Reached skill level 10 in Fighting
  9287 | D:5      | Killed Leeroy's ghost
  9432 | D:7      | Found a stormy altar of Qazlal.
  9694 | D:7      | Received a gift from Okawaru
  9697 | D:7      | Got a polished hat {god gift}
  9703 | D:7      | Identified the +1 hat of Biamuas {rF+ rC+ rN+ Str+2}
                  | (Okawaru gifted it to you on level 7 of the Dungeon)
  9815 | D:7      | Found a basalt altar of Yredelemnul.
  9953 | D:7      | Killed Crazy Yiuf
 10088 | Lair:1   | Entered Level 1 of the Lair of Beasts
 10128 | Lair:1   | Reached XP level 11. HP: 98/100 MP: 13/13
 10159 | Lair:1   | Noticed Sonja
 10164 | Lair:1   | Killed Sonja
 10298 | Lair:1   | Found a frozen archway.
 10309 | IceCv    | Entered an ice cave
 10561 | IceCv    | HP: 5/101 [polar bear (19)]
 11272 | IceCv    | Reached skill level 1 in Invocations
 11470 | IceCv    | Reached skill level 10 in Armour
 11748 | IceCv    | Noticed a death yak
 11750 | IceCv    | Noticed a death yak
 11790 | IceCv    | Slain by a death yak

Levels and vault maps discovered:
D:1:      dpeg_arrival_simpleton_c, layout_basic
D:2:      layout_basic, nicolae_gozag_seed_capital,
          nicolae_overflow_crystal_walls, kennysheep_vampire_church
D:3:      layout_rooms, ebering_ghost_sewer_d, hangedman_decor_growths
D:4:      minmay_chambers_of_fours, layout_basic, lemuel_coloured_pillars_altar
D:5:      layout_basic, minmay_temple_entry_hall, gammafunk_ghost_mausoleum,
          first_ration
D:6:      layout_basic, eat_drink_and_be_merry_uskayaw, kennysheep_mini
D:7:      layout_cave_pods, cheibrodos_worm_habitat, lemuel_doored_altar,
          lemuel_zombie_altar_yredelemnul, gammafunk_temple_overflow_statue,
          serial_shops, nicolae_shop_trees, uniq_crazy_yiuf_cottage
D:8:      layout_loops_ring, nicolae_overflow_hidden_temple,
          due_lair_maze_entry_diamond
D:9:      layout_stronghold, orc_0_dummy
D:10:     layout_grid_maze, grunt_livestock
Temple:   dpeg_chambers_temple
Lair:1:   layout_hall_layers, portal_ice_cave_entry_pillars_1, uniq_sonja
IceCv:    ice_cave_caverns_02

Skill      XL: |  1  2  3  4  5  6  7  8  9 10 11 |
---------------+----------------------------------+-----
Armour         | 1 2 3 4 5 6 7 9 10 | 10.1
Fighting       | 4 5 6 7 8 10 | 10.8
Long Blades    | 4 5 6 7 9 10 | 10.9
Shields        | 1 2 3 4 5 |  5.0
Dodging        | 4 5 6 7 |  7.5
Stealth        | 2 3 4 |  4.5
Hexes          | 1 2 3 |  3.1
Spellcasting   | 1 2 |  2.0
Invocations    | 1 |  1.5

Action                   |  1- 3 |  4- 6 |  7- 9 | 10-12 || total
-------------------------+-------+-------+-------+-------++-------
Melee: Falchion          |    97 |   154 |   421 |    96 ||   768
       Headbutt          |    18 |    27 |    93 |   117 ||   255
       Scimitar          |       |       |       |   309 ||   309
Invok: Heroism           |       |       |     1 |       ||     1
Evoke: Wand              |       |       |       |     6 ||     6
  Use: Scroll            |       |     7 |    14 |     5 ||    26
       Potion            |       |       |       |     3 ||     3
  Eat: Chunk             |     2 |     4 |    16 |     9 ||    31
       Ration            |       |       |       |     2 ||     2
Armor: Robe              |     1 |       |       |       ||     1
       Chain mail        |    51 |   103 |   123 |   119 ||   396
       Leather armour    |     2 |       |       |       ||     2
       Scale mail        |       |       |       |    22 ||    22
       Skin              |       |       |       |     1 ||     1
Dodge: Dodged            |    60 |    76 |   183 |   234 ||   553
Block: Shield            |    10 |    30 |       |       ||    40
       Buckler           |       |    14 |   105 |   157 ||   276
       Rpst.: Falchion   |    11 |    20 |    54 |    11 ||    96
       Scimitar          |       |       |       |    49 ||    49

Table legend:
 A = Non-vault XP
 B = Vault XP
 C = Vault XP percentage of total XP
 D = Non-vault monster count
 E = Vault monster count
 F = Vault count percentage of total count
                 A         B        C        D         E       F
            +---------+---------+-------+---------+---------+-------
      Total |    7921 |    8368 |  51.4 |     241 |      63 |  20.7
            +---------+---------+-------+---------+---------+-------
        D:1 |      52 |       0 |   0.0 |      19 |       0 |   0.0
        D:2 |      72 |     119 |  62.3 |      29 |       8 |  21.6
        D:3 |     136 |     315 |  69.8 |      31 |       4 |  11.4
        D:4 |     688 |      54 |   7.3 |      23 |       4 |  14.8
        D:5 |     355 |     449 |  55.8 |      11 |       3 |  21.4
        D:6 |     333 |       0 |   0.0 |      15 |       0 |   0.0
        D:7 |    1160 |      45 |   3.7 |      25 |       4 |  13.8
        D:8 |    1052 |    1212 |  53.5 |      27 |      10 |  27.0
        D:9 |    2217 |       0 |   0.0 |      34 |       0 |   0.0
       D:10 |    1325 |     983 |  42.6 |      24 |       5 |  17.2
     Lair:1 |     531 |     814 |  60.5 |       3 |       1 |  25.0
      IceCv |       0 |    4377 | 100.0 |       0 |      24 | 100.0
            +---------+---------+-------+---------+---------+-------
